 Dungeon Crawl Stone Soup version 0.29-a0-542-g075992c915 (webtiles) character file.

Game seed: 10545034538094581168

1243 xian the Conjurer (level 8, -5/62 HPs)
             Began as a Green Draconian Conjurer on June 4, 2022.
             Shot with an arrow by a centaur (8 damage)
             ... on level 6 of the Dungeon.
             The game lasted 00:16:11 (6300 turns).

xian the Conjurer (Green Draconian Conjurer)        Turns: 6300, Time: 00:16:12

Health: -5/62      AC:  6    Str: 13    XL:     8   Next: 25%
Magic:  10/14      EV: 12    Int: 23    God:
Gold:   415        SH:  0    Dex: 10    Spells: 12/15 levels left

rFire   . . .      SeeInvis .   h - +8 dagger "Kycelu" {flame, rPois rC+ Str+2 Int+4}
rCold   + . .      Faith    .   (no shield)
rNeg    . . .      Spirit   .   (body armour unavailable)
rPois   +          Reflect  .   (helmet restricted)
rElec   .          Harm     .   (no cloak)
rCorr   .          Rampage  .   (no gloves)
Will    .....                   (no boots)
Stlth   ++........              (no amulet)
HPRegen 0.20/turn               (no ring)
MPRegen 0.14/turn               (no ring)

@: short of breath
A: breathe noxious fumes, AC +6, unfitting armour, poison resistance,
cold-blooded
a: Breathe Noxious Fumes


You were on level 6 of the Dungeon.
You visited 1 branch of the dungeon, and saw 6 of its levels.

You collected 1233 gold pieces.
You spent 818 gold pieces at shops.

Inventory:

Hand Weapons
 h - the +8 dagger "Kycelu" (weapon) {flame, rPois rC+ Str+2 Int+4}
   (You bought it in a shop on level 1 of the Dungeon)

   It burns those it strikes, dealing additional fire damage.
   Str:       It affects your strength (+2).
   Int:       It affects your intelligence (+4).
   rC:        It protects you from cold.
   rPois:     It protects you from poison.
Scrolls
 c - 4 scrolls of teleportation
 i - a scroll of magic mapping
 l - 3 scrolls of noise {unknown}
 o - a scroll of silence {unknown}
 p - a scroll of blinking {unknown}
Potions
 a - 2 potions of magic
 b - a potion of flight {unknown}
 d - a potion of degeneration {unknown}
 e - a potion of resistance
 f - a potion of invisibility
 g - a potion of haste {unknown}
 j - 3 potions of mutation {unknown}
 k - 4 potions of curing
 n - 3 potions of cancellation {unknown}
Miscellaneous
 m - a piece from Xom's chessboard (15/15)


   Skills:
 + Level 2.8 Fighting
 + Level 4.5 Short Blades
 + Level 3.9 Dodging
 + Level 4.0 Stealth
 + Level 0.7 Unarmed Combat
 + Level 4.2 Spellcasting
 + Level 6.0 Conjurations


You had 12 spell levels left.
You knew the following spells:

 Your Spells              Type           Power      Damage    Failure   Level
a - Magic Dart            Conj           100%       1d8       1%          1
b - Searing Ray           Conj           64%        2d6       1%          2

Your spell library contained the following spells:

 Spells                   Type           Power      Damage    Failure   Level
 Shock                    Conj/Air       72%        1d7       3%          1
 Static Discharge         Conj/Air       18%        N/A       4%          2
 Dazzling Flash           Conj/Hex       36%        N/A       9%          3
 Frozen Ramparts          Ice            8%         1d2       30%         3
 Gell's Gravitas          Tloc           4%         N/A       30%         3
 Lesser Beckoning         Tloc           4%         N/A       30%         3
 Ozocubu's Armour         Ice            4%         N/A       30%         3
 Swiftness                Air            4%         N/A       30%         3
 Teleport Other           Tloc           4%         N/A       30%         3
 Fulminant Prism          Conj/Hex       9%         3d7       30%         4
 Iskenderun's Mystic Bla  Conj/Tloc      18%        2d6       30%         4
 Lightning Bolt           Conj/Air       9%         1d21      63%         5
 Airstrike                Air            2%         N/A       71%         4
 Ice Form                 Ice/Tmut       4%         N/A       71%         4
 Summon Ice Beast         Ice/Summ       4%         N/A       71%         4
 Metabolic Englaciation   Hex/Ice        2%         N/A       96%         5
 Simulacrum               Ice/Necr       2%         N/A       100%        6
 Maxwell's Capacitive Co  Air            2%         ∞         100%        8


Dungeon Overview and Level Annotations

Branches:
Dungeon (6/15)
 Temple: D:4-7

Altars:
Cheibriados
Fedhas
Qazlal
Sif Muna
Xom

Shops:
D:1 (

Annotations:
D:3 3 runed translucent doors, nrs142's ghost, weakling PaFi
D:6 Eustachio


Innate Abilities, Weirdness & Mutations

You can breathe blasts of noxious fumes.
Your lurid green scales are hard. (AC +6)
You cannot fit into any form of body armour.
Your system is resistant to poisons. (rPois)
You are cold-blooded and may be slowed by cold attacks.


Message History

The blast of choking fumes hits the iguana but does no damage.
The iguana is severely wounded.
The blast of choking fumes hits the orc.
The orc is severely wounded.
The orc is engulfed in noxious fumes.
The orc appears confused.
Eustachio hits you with a +0 rapier!
* * * LOW HITPOINT WARNING * * *
The iguana is engulfed in noxious fumes.
The iguana appears confused.
You puncture the iguana! You burn the iguana.
You kill the iguana!
Eustachio hits you but does no damage. Eustachio attacks as you move away!
Eustachio hits you with a +0 rapier.
* * * LOW HITPOINT WARNING * * *
Your surroundings suddenly seem different.
Found 18 stones, a book of Weapons and a pair of gloves.
Found an escape hatch in the floor.
You start resting.
An ufetubus comes into view.
The ufetubus shouts!
A jelly comes into view.
You are too injured to fight recklessly!
Okay, then.
Casting: Magic Dart (safe; 1% risk of failure)
Confirm with . or Enter, or press ? or * to list all spells.
Aiming: Searing Ray (safe; 1% risk of failure)
Press: ? - help, Shift-Dir - straight line, f - ufetubus
Aim: an ufetubus (68% to hit)
The searing ray hits the ufetubus!
You kill the ufetubus! (Press . to maintain the ray.)
A centaur comes into view.
The centaur shouts!
The centaur wields a +0 shortbow.
The centaur shoots an arrow.
The arrow hits you.
* * * LOW HITPOINT WARNING * * *
The centaur shoots an arrow.
The arrow hits you!
* * * LOW HITPOINT WARNING * * *
The centaur shoots an arrow.
The arrow hits you!
You die...

. .≈§
..##........##
....
.............###
.§.§
..............
.... #..........#
≈. #......[...###
...##............#
.......>.......#
#.......@..#
#.(.......:..#
#.............#
...#...........#
## #...####J...#
.#... #...#..
#.#### #......#
#.≈≈.l ###.c###


You could see a centaur and a jelly.

Vanquished Creatures
  A black bear (D:5)
  3 ogres
  A phantom (D:5)
  2 necrophages
  3 scorpions
  A hound (D:5)
  6 iguanas
  5 orc wizards
  3 gnolls (D:2)
  7 adders
  2 ufetubi
  3 worms
  3 dart slugs
  21 orcs
  9 ball pythons
  2 bats
  3 endoplasms
  3 giant cockroaches
  5 goblins
  A hobgoblin (D:3)
  9 jackals
  A kobold (D:1)
  A quokka (D:1)
  A frilled lizard (D:1)
  7 rats
  A butterfly (D:4)
104 creatures vanquished.

Vanquished Creatures (others)
  3 fungi (D:6)
  16 plants (D:6)
19 creatures vanquished.

Grand Total: 123 creatures vanquished

Notes
Turn   | Place    | Note
-------+----------+-------------------------------------------
     0 | D:1      | xian the Draconian Conjurer began the quest for the Orb.
     0 | D:1      | Reached XP level 1. HP: 14/14 MP: 3/3
   385 | D:1      | Reached XP level 2. HP: 20/20 MP: 3/5
   577 | D:1      | Found a faded altar of an unknown god.
  1043 | D:1      | Found Voxt's Weapon Emporium.
  1389 | D:1      | Identified a scroll of acquirement
  1436 | D:1      | Acquired 1033 gold pieces
  1438 | D:1      | Bought the +8 dagger "Kycelu" {flame, rPois rC+ Str+2
                  | Int+4} for 818 gold pieces
  1474 | D:2      | Reached XP level 3. HP: 23/26 MP: 6/6
  1729 | D:2      | You fall into a shaft and drop 1 floor!
  1760 | D:3      | Learned a level 2 spell: Searing Ray
  1849 | D:3      | Found a runed translucent gate.
  1849 | D:3      | Found a runed translucent gate.
  1849 | D:3      | Found a runed translucent gate.
  1905 | D:3      | Reached XP level 4. HP: 33/33 MP: 5/7
  2394 | D:3      | Noticed nrs142's ghost (weakling PaFi)
  2483 | D:3      | Found a snail-covered altar of Cheibriados.
  2610 | D:3      | Reached XP level 5. HP: 31/39 MP: 8/8
  3084 | D:4      | Found a shimmering altar of Xom.
  3266 | D:4      | Reached skill level 1 in Short Blades
  3434 | D:4      | Found a shimmering blue altar of Sif Muna.
  3502 | D:4      | Noticed an ogre
  3507 | D:4      | Killed an ogre
  3508 | D:4      | Reached skill level 1 in Fighting
  3508 | D:4      | Reached skill level 5 in Conjurations
  3508 | D:4      | Reached XP level 6. HP: 47/47 MP: 3/10
  4569 | D:5      | Entered Level 5 of the Dungeon
  4803 | D:5      | Your scales start taking on a lurid green colour.
  4803 | D:5      | Reached XP level 7. HP: 21/53 MP: 1/11
  4803 | D:5      | Gained mutation: Your system is resistant to poisons.
                  | (rPois) [Green Draconian growth]
  5841 | D:5      | Reached XP level 8. HP: 45/62 MP: 7/13
  6251 | D:6      | Reached skill level 6 in Conjurations
  6253 | D:6      | Found a blossoming altar of Fedhas.
  6277 | D:6      | Noticed Eustachio
  6279 | D:6      | Found a stormy altar of Qazlal.
  6299 | D:6      | HP: 3/62 [centaur/arrow (8)]
  6300 | D:6      | Shot with an arrow by a centaur

Illustrated notes

Levels and vault maps discovered:
D:1:      dpeg_arrival_tiny_a, layout_basic, serial_shops, shop_fountains,
          shapermc_ecumenical_altar_starsandcircs, minmay_misc_feat_cross
D:2:      layout_rooms, grunt_ministairs_1
D:3:      layout_basic, chei_slow_surprise, gammafunk_ghost_icy
D:4:      layout_basic, xom_butterflies, lemuel_tele_altar
D:5:      minmay_bubble_buster, layout_basic
D:6:      layout_rooms, nzn_wu_jian_contemplation,
          nicolae_qazlal_scattered_showers, mainiacjoe_overflow_catch_the_wave,
          serial_aquarium, aquarium_bridge_square [aquarium_subvault_bridge,
          aquarium_subvault_balcony, aquarium_subvault_window,
          aquarium_subvault_bridge], aquarium_window_fake,
          aquarium_window_corridor_2, aquarium_window_fake,
          aquarium_window_corner, aquarium_view_2b, aquarium_view_2c,
          aquarium_balcony_3a, aquarium_pool_five, uniq_eustachio, uniq_menkaure

Skill      XL: |  1  2  3  4  5  6  7  8 |
---------------+-------------------------+-----
Dodging        | 2 3 |  3.9
Stealth        | 2 3 4 |  4.0
Short Blades   | 2 3 4 |  4.5
Fighting       | 1 2 |  2.8
Conjurations   | 5 6 |  6.0
Spellcasting   | 3 4 |  4.2
Unarmed Combat | |  0.7

Action                   |  1- 3 |  4- 6 |  7- 9 || total
-------------------------+-------+-------+-------++-------
Melee: Unarmed           |    56 |       |       ||    56
       Tailslap          |     8 |     8 |     3 ||    19
       Dagger            |    14 |    79 |    34 ||   127
       Club              |     1 |       |       ||     1
 Cast: Magic Dart        |    45 |    55 |    15 ||   115
       Searing Ray       |       |     6 |    10 ||    16
 Abil: Breathe Noxious F |       |       |     6 ||     6
  Use: Scroll            |     5 |     2 |     1 ||     8
 Stab: Sleeping          |     1 |     2 |       ||     3
Armor: Skin              |    38 |    16 |    17 ||    71
Dodge: Dodged            |    58 |    62 |    24 ||   144

Table legend: (Time is in decaauts)
 A = Elapsed time spent in this place.
 B = Non-inter-level travel time spent in this place.
 C = Inter-level travel time spent in this place.
 D = Time resting spent in this place.
 E = Time spent auto-exploring this place.
 F = Levels seen in this place.
 G = Mean time per level.
                   A        B        C        D        E       F      G
               +--------+--------+--------+--------+--------+-----+--------+
         Total |   6286 |   6030 |    256 |    435 |   4468 |   6 | 1047.7 |
       Dungeon |   6286 |   6030 |    256 |    435 |   4468 |   6 | 1047.7 |
               +--------+--------+--------+--------+--------+-----+--------+

Top non-repeatable levels by time:
     D:5: 1661 daAuts
     D:4: 1547 daAuts
     D:1: 1451 daAuts
     D:3: 1288 daAuts
     D:2: 276 daAuts
     D:6: 61 daAuts
